 Dungeon Crawl Stone Soup version 0.20.1-2-g1830e616b0 (webtiles) character file.

176 Alfie the Shooter (level 5, -2/39 HPs)
             Began as a Human Hunter on Feb 4, 2020.
             Slain by an orc
             ... wielding a +1 hand axe of holy wrath
              (4 damage)
             ... on level 3 of the Dungeon.
             The game lasted 00:07:02 (1533 turns).

Alfie the Shooter (Human Hunter)                    Turns: 1533, Time: 00:07:03

Health: -2/39      AC:  3    Str: 17    XL:     5   Next: 86%
Magic:  5/5        EV: 12    Int: 11    God:
Gold:   129        SH:  0    Dex: 15    Spells: 4/4 levels left

rFire    . . .     SeeInvis .   b - +1 short sword
rCold    . . .     Gourm    .   (no shield)
rNeg     . . .     Faith    .   c - +0 leather armour
rPois    .         Spirit   .   (helmet restricted)
rElec    .         Reflect  .   (no cloak)
rCorr    .         Harm     .   (no gloves)
MR       .....                  (no boots)
Stlth    +++.......             (no amulet)
Regen    0.2/turn               e - ring of stealth
MPRegen  0.1/turn               l - +3 ring of strength

@: no status effects
A: antennae 1, talons 1, agile 1, sense surroundings 1
a: no special abilities


You were on level 3 of the Dungeon.
You were not hungry.

You visited 1 branch of the dungeon, and saw 3 of its levels.

You collected 129 gold pieces.

Inventory:

Hand Weapons
 a - a +2 shortbow
 b - a +1 short sword (weapon)
Armour
 c - a +0 leather armour (worn)
Jewellery
 e - a ring of stealth (left hand)
 l - a +3 ring of strength (right hand)
Scrolls
 g - 2 scrolls of magic mapping
 h - a scroll of fear
 j - 4 scrolls of identify
 m - a scroll of teleportation
Potions
 d - a potion of heal wounds {unknown}
 f - a potion of curing
 i - a potion of haste {unknown}


   Skills:
 + Level 2.6 Fighting
 + Level 0.6 Short Blades
 + Level 5.9 Bows
 + Level 1.4 Armour
 + Level 2.2 Dodging
 + Level 1.0 Stealth


You had 4 spell levels left.
You didn't know any spells.

Dungeon Overview and Level Annotations

Branches:
Dungeon (3/15)

Altars:


Innate Abilities, Weirdness & Mutations

You have a pair of small antennae on your head.
You have sharp toenails.
You are agile. (Dex +2)
You passively map a small area around you.


Message History

You shoot an arrow. The arrow closely misses the orc.
The orc hits you with a hand axe of holy wrath.
* * * LOW HITPOINT WARNING * * *
An orc comes into view. It is wielding a flail.
Firing (i - inventory):
k - an arrow (quivered)
Press: ? - help, Shift-Dir - straight line, f/p - orc
Aim: an orc, wielding a hand axe of holy wrath and wearing a leather armour (heavily wounded)
You shoot an arrow. The arrow barely misses the orc.
Reactivating autopickup.
You feel a bit more experienced.
The orc hits you with a hand axe of holy wrath.
* * * LOW HITPOINT WARNING * * *
Firing (i - inventory): No suitable missiles.
Press: ? - help, Shift-Dir - straight line, f/p - orc
Aim: an orc, wielding a hand axe of holy wrath and wearing a leather armour (heavily wounded)
Okay, then.
Wield which item (- for none, * to show all)? (? for menu, Esc to quit)
b - a +1 short sword (weapon)
The orc hits you with a hand axe of holy wrath.
You die...

, # * . , #. .
.###.*, ,
...## * ,... *
#.#
####.#########
#.@oo(....(...
, ,
#.##.#..###.##
#. #.#..# *
#.*#...... ,
#. ###..### *
#., .... ##
*#.... ,,
#####


You could see 2 orcs.

Vanquished Creatures
  2 orc wizards
  An orc priest (D:2)
  A gnoll (D:2)
  4 adders (D:2)
  An ooze (D:2)
  A worm (D:2)
  5 orcs (D:2)
  2 ball pythons
  2 bats (D:2)
  5 goblins
  4 hobgoblins (D:1)
  2 jackals (D:2)
  5 kobolds
  5 rats
40 creatures vanquished.

Notes
Turn   | Place    | Note
-------+----------+-------------------------------------------
     0 | D:1      | Alfie the Human Hunter began the quest for the Orb.
     0 | D:1      | Reached XP level 1. HP: 16/16 MP: 1/1
   257 | D:1      | Reached XP level 2. HP: 22/22 MP: 2/2
   697 | D:2      | Reached XP level 3. HP: 11/27 MP: 3/3
   854 | D:2      | Reached skill level 5 in Bows
   940 | D:2      | Reached XP level 4. HP: 28/33 MP: 4/4
   965 | D:2      | Reached skill level 1 in Armour
   965 | D:2      | Reached XP level 5. HP: 7/39 MP: 5/5
   966 | D:2      | Gained mutation: You are agile. (Dex +2) [potion of mutation]
   966 | D:2      | Gained mutation: You have sharp toenails. [potion of mutation]
   966 | D:2      | Gained mutation: You have a pair of small antennae on your head. [potion of mutation]
   966 | D:2      | Gained mutation: You passively map a small area around you. [potion of mutation]
  1448 | D:2      | Found a faded altar of an unknown god.
  1533 | D:3      | Slain by an orc

Skill      XL: |  1  2  3  4 |
---------------+-------------+-----
Bows           | 5 |  5.9
Armour         | 1 |  1.4
Fighting       | |  2.6
Short Blades   | |  0.6
Dodging        | |  2.2
Stealth        | |  1.0

Action                   |  1- 3 |  4- 6 || total
-------------------------+-------+-------++-------
Melee: Short sword       |    25 |     3 ||    28
       Shortbow          |       |     1 ||     1
       Kick              |       |     1 ||     1
 Fire: Shortbow          |    65 |    59 ||   124
  Use: Scroll            |     6 |     1 ||     7
       Potion            |     2 |     1 ||     3
  Eat: Bread ration      |       |     1 ||     1
Armor: Leather armour    |     7 |     3 ||    10
Dodge: Dodged            |    32 |    10 ||    42
